 Dungeon Crawl Stone Soup version 0.27-a0-965-gbf8bb431c4 (webtiles) character file.

Game seed: 15054327204133666071

251239 siradein the Spry (level 19, -7/142 HPs)
             Began as a Djinni Fire Elementalist on Apr 11, 2021.
             Was the Champion of Makhleb.
             Mangled by a war gargoyle
             ... wielding a +0 morningstar
             ... led by a peacekeeper
              (33 damage)
             ... on level 1 of the Vaults on Apr 12, 2021.
             The game lasted 03:36:15 (30068 turns).

siradein the Spry (Djinni Fire Elementalist)       Turns: 30068, Time: 03:36:15

Health: -7/142     AC: 18    Str:  7    XL:     19   Next: 65%
Gold:   1363       EV: 23    Int: 30    God:    Makhleb [******] SH: 15 Dex: 21

rFire    + + +     SeeInvis +   c - staff of fire
rCold    + . .     Faith    .   Y - +2 shield of Resistance {rF++ rC++ Will++}
rNeg     . . .     Spirit   .   X - +4 troll leather armour
rPois    ∞         Reflect  .   o - +1 hat
rElec    .         Harm     .   A - +2 cloak of the Thief {*Fog Slay-2 SInv Stlth+}
rCorr    .         Rampage  .   U - +1 pair of gloves
Will     +++..                  (boots unavailable)
Stlth    ++++......             k - amulet of regeneration
HPRegen  2.33/turn              j - ring of the Oligarchy {Dex+6 Stlth+}
MPRegen  0.00/turn              y - +6 ring of intelligence

@: flying, studying Short Blades
A: fire resistance 2, cold vulnerability 1, float, innate caster, hp casting,
extra vitality 1
}: 2/15 runes: barnacled, gossamer
a: Renounce Religion, Minor Destruction, Lesser Servant of Makhleb, Major
Destruction, Greater Servant of Makhleb


You were on level 1 of the Vaults.
You worshipped Makhleb.
Makhleb was exalted by your worship.
You visited 7 branches of the dungeon, and saw 33 of its levels.
You also visited: Sewer and Volcano.

You collected 3434 gold pieces.
You spent 2071 gold pieces at shops.

Inventory:

Missiles
 S - 6 atropa-tipped darts
 V - 6 throwing nets
Armour
 o - a +1 hat (worn)
 A - the +2 cloak of the Thief (worn) {*Fog Slay-2 SInv Stlth+}
   (You bought it in a shop on level 2 of the Orcish Mines)

   It affects your accuracy and damage with ranged weapons and melee attacks
   (-2).
   It lets you see invisible.
   It makes you more stealthy.
 U - a +1 pair of gloves (worn)
 X - a +4 troll leather armour (worn)
 Y - the +2 shield of Resistance (worn) {rF++ rC++ Will++}
   (You bought it in a shop on level 5 of the Dungeon)

   It greatly protects you from fire.
   It greatly protects you from cold.
   It greatly increases your willpower.
Magical Staves
 c - a staff of fire (weapon)
 s - a staff of cold
 D - a staff of poison
 J - a staff of conjuration
Jewellery
 j - the ring of the Oligarchy (left hand) {Dex+6 Stlth+}
   (You found it on level 4 of the Shoals)

   [ring of dexterity]

   It affects your dexterity (+6).
   It makes you more stealthy.
 k - an amulet of regeneration (around neck)
 u - a ring of resist corrosion
 y - a +6 ring of intelligence (right hand)
Wands
 a - a wand of polymorph (38)
 f - a wand of paralysis (25)
 q - a wand of removedness (39)
 v - a wand of flame (44)
 E - a wand of iceblast (55)
 F - a wand of acid (22)
 K - a wand of digging (14)
 M - a wand of charming (13)
 W - a wand of mindburst (28)
Scrolls
 d - 3 scrolls of vulnerability
 h - 3 scrolls of enchant weapon
 i - 4 scrolls of fear
 l - 2 scrolls of summoning
 m - 10 scrolls of teleportation
 r - a scroll of silence
 t - 8 scrolls of torment
 w - 5 scrolls of fog
 x - 4 scrolls of immolation
 z - 8 scrolls of magic mapping
 B - a scroll of holy word
 C - a scroll of brand weapon
 P - 10 scrolls of identify
 R - 2 scrolls of acquirement
Potions
 b - 9 potions of might
 e - 6 potions of brilliance
 g - 4 potions of cancellation
 n - 5 potions of lignification
 p - 9 potions of curing
 G - 4 potions of invisibility
 I - 12 potions of ambrosia
 L - 7 potions of attraction
 O - 5 potions of berserk rage
 Q - 5 potions of heal wounds
 T - 2 potions of resistance
 Z - 6 potions of haste


   Skills:
 + Level 14.9 Fighting
 + Level 14.9 Armour
 + Level 16.3 Dodging
 - Level 1.5 Stealth
 + Level 15.0 Shields
 + Level 14.8 Spellcasting


You couldn't memorise any spells.
You knew the following spells:

 Your Spells              Type           Power      Damage    Failure   Level
a - Foxfire               Conj/Fire      100%       2x1d9     0%          1
b - Conjure Flame         Conj/Fire      100%       6-21      1%          3
c - Inner Flame           Hex/Fire       100%       N/A       1%          3
d - Sticky Flame          Conj/Fire      100%       2d11      1%          4
e - Fireball              Conj/Fire      52%        3d20      1%          5
f - Animate Skeleton      Necr           100%       N/A       0%          1
g - Poisonous Vapours     Pois/Air       100%       N/A       0%          2
h - Wereblood             Tmut           84%        N/A       0%          2
i - Gell's Gravitas       Tloc           42%        N/A       1%          3
j - Fulminant Prism       Conj/Hex       42%        3d20      1%          4
k - Metabolic Englaciati  Hex/Ice        42%        N/A       1%          5
l - Freezing Cloud        Conj/Ice/Air   42%        6-21      1%          6
m - Simulacrum            Ice/Necr       42%        N/A       1%          6
n - Death Channel         Necr           42%        N/A       1%          6
Your spell library was empty.

Dungeon Overview and Level Annotations

Branches:
Dungeon (15/15)            Temple (1/1) D:5            Lair (6/6) D:8
 Shoals (4/4) Lair:2       Spider (4/4) Lair:3        Slime (0/5) Lair:5
    Orc (2/2) D:9             Elf (0/3) Orc:2        Vaults (1/5) D:13
 Depths (0/5) D:15          Sewer (visited)         Volcano (visited)

Altars:
Ashenzari
Cheibriados
Dithmenos
Elyvilon
Fedhas
Gozag
Hepliaklqana
Kikubaaqudgha
Makhleb
Nemelex Xobeh
Okawaru
Qazlal
Ru
Sif Muna
Trog
Uskayaw
Vehumet
Wu Jian
Xom
Yredelemnul
Zin
The Shining One
Beogh

Shops:
D:3 :   D:5 ?=*(   D:8 *   Orc:2 ([*=   Shoals:4 *

Portals:
Trove: D:11 (give 12 potions of heal wounds)

Annotations:
Spider:2 Mara


Innate Abilities, Weirdness & Mutations

You are immune to poison.
Your flesh is very heat resistant. (rF++)
You are vulnerable to cold. (rC-)
You float through the air rather than walking.
You learn spells naturally, not from books.
Your magical power is your life essence.
You have superior vitality. (+4 HP)


Message History

The spray of metal splinters hits you.
Aiming: Fireball (mildly dangerous; 1% risk of failure)
Press: ? - help, Q - select action, (/) - cycle Shift-Dir - straight line You feel a surge of power!
The fireball explodes!
The fireball engulfs the war gargoyle!
The war gargoyle resists.
The war gargoyle is heavily damaged.
The war gargoyle launches metal splinters at you.
The spray of metal splinters hits you.
The war gargoyle hits you with a +0 dire flail.
Unknown command.
Aiming: Fireball (mildly dangerous; 1% risk of failure)
Press: ? - help, Q - select action, (/) - cycle Shift-Dir - straight line You feel a surge of power!
The fireball explodes!
The fireball engulfs the war gargoyle!
The war gargoyle resists.
The war gargoyle is severely damaged.
You block the war gargoyle's attack.
The war gargoyle launches metal splinters at you.
The spray of metal splinters hits you!! You block the war gargoyle's attack.
Aiming: Fireball (mildly dangerous; 1% risk of failure)
Press: ? - help, Q - select action, (/) - cycle Shift-Dir - straight line You feel a surge of power!
The fireball explodes!
The fireball engulfs the war gargoyle!
The war gargoyle resists.
The war gargoyle is almost destroyed.
You block the war gargoyle's attack.
The war gargoyle hits you with a +0 morningstar!
The war gargoyle hits you with a +0 dire flail!!
* * * LOW HITPOINT WARNING * * *
Unknown command.
Aiming: Fireball (mildly dangerous; 1% risk of failure)
Press: ? - help, Q - select action, (/) - cycle Shift-Dir - straight line You feel a surge of power!
The fireball explodes!
The fireball engulfs the war gargoyle!
The war gargoyle resists.
The war gargoyle is almost destroyed.
* * * LOW HITPOINT WARNING * * *
The war gargoyle hits you with a +0 morningstar!!
You die...

#.....#
#.....#
#.....#
#.....#
#.....#
#.....#
#.....#
#§.@..######
+§99§.#.....
#§§§§§#.....
#§§§§§#.....
#.§§§§+.....
#.§§§.#.....
#.....#.....
#.....#.....
#.....# #+##


You could see 2 war gargoyles.

Vanquished Creatures
  Gastronok (D:10)
  3 krakens
  Roxanne (Spider:2)
  A deep elf sorcerer (D:12)
  4 emperor scorpions
  Aizul (Spider:1)
  3 ghost moths
  An orc warlord (Orc:2)
  A stone giant (Volcano)
  4 entropy weavers
  5 spark wasps
  2 merfolk javelineers (Shoals:4)
  A dire elephant (Spider:4)
  The ghost of ardl the Thaumaturge, a journeyman GnVM of Hepliaklqana (Lair:6)
  6 merfolk impalers
  The ghost of Giomnon the Destroyer, a journeyman DEFE of Sif Muna (Lair:3)
  A peacekeeper (Vaults:1)
  3 catoblepae
  12 hydras
  6 centaur warriors
  Erica (Orc:1)
  4 two-headed ogres
  3 merfolk avatars
  6 boulder beetles
  11 merfolk aquamancers
  An alligator snapping turtle (Shoals:4)
  3 satyrs
  4 orc high priests (Orc:2)
  Urug (D:10)
  4 tengu warriors (D:14)
  2 vampire magi (D:12)
  5 death yaks (Lair:6)
  2 deep elf knights
  A skeletal warrior (D:13)
  2 deep trolls (Vaults:1)
  14 sea snakes
  A deep elf archer (Spider:4)
  4 orc knights
  20 harpies
  3 lindwurms
  10 orb spiders
  A wolf spider zombie (Spider:2)
  3 spectral wolf spiders (Spider:2)
  2 deep elf pyromancers
  2 deep elf zephyrmancers (D:12)
  28 wolf spiders
  21 ugly things
  7 orc sorcerers
  4 oklob plants (Lair:1)
  20 manticores
  12 cyclopes
  10 elephants
  7 fauns
  2 moths of wrath
  A vault sentinel (Vaults:1)
  4 merfolk sirens
  9 water nymphs
  Joseph (D:9)
  Maurice (Orc:2)
  8 naga magi (D:12)
  3 gargoyles
  18 cane toads
  4 black mambas
  A torpor snail (Spider:3)
  4 centaur skeletons (D:13)
  A freezing wraith (D:15)
  2 kobold demonologists
  6 rime drakes
  14 komodo dragons
  2 efreet
  8 demonic crawlers
  5 yaktaurs
  2 tengu conjurers (D:13)
  25 merfolk
  5 trolls
  2 meliai (Spider:3)
  11 hornets
  29 jumping spiders
  7 wind drakes
  4 polar bears
  6 wolf spider simulacra (Spider:2)
  14 snapping turtles
  A raiju (Spider:4)
  17 slime creatures
  16 blink frogs
  4 dream sheep
  A centaur simulacrum (D:15)
  Sigmund (D:4)
  67 redbacks
  4 shadows
  6 wraiths
  7 water elementals
  13 tarantellas
  2 fire elementals (Volcano)
  A vampire (D:10)
  7 basilisks
  9 wyverns
  76 yaks
  Eustachio (D:4)
  A steam dragon (D:6)
  4 vampire mosquitoes (D:12)
  3 wargs
  3 acid dragons
  14 water moccasins
  Duvessa (D:6)
  2 swamp drakes (D:12)
  3 ice beasts (D:6)
  2 sky beasts (D:7)
  4 black bears
  An ice beast (shapeshifter) (D:15)
  A necrophage (D:6)
  3 ogres
  29 orc warriors
  16 wolves
  26 centaurs
  A phantom (D:6)
  11 bullfrogs
  3 kobold brigands
  4 gnoll sergeants (D:6)
  A water moccasin zombie (D:5)
  2 scorpions
  Dowan (D:6)
  A water moccasin skeleton (D:6)
  10 killer bees (Spider:3)
  8 wights (D:8)
  2 howler monkeys
  2 electric eels
  3 bullfrog zombies
  8 jellies
  4 gnoll shamans
  23 orc priests
  8 hounds
  4 iguanas
  Natasha (thrice) (D:4)
  41 orc wizards
  2 hell rats (Lair:3)
  A killer bee zombie (D:6)
  A hound skeleton (D:5)
  2 howler monkey zombies
  A howler monkey skeleton (D:6)
  29 gnolls
  10 river rats (Lair:3)
  12 adders
  A white imp (D:6)
  An ufetubus (D:5)
  2 adder skeletons
  3 worms
  5 dart slugs
  83 orcs
  8 bats
  19 endoplasms
  16 giant cockroaches
  12 goblins
  9 hobgoblins
  12 jackals
  22 kobolds
  15 quokkas
  10 ball pythons
  24 frilled lizards
  9 rats
  7 tentacles (Shoals:4)
1278 creatures vanquished.

Vanquished Creatures (collateral kills)
  A ghost moth (Spider:4)
  2 emperor scorpions
  An ironbound preserver (Vaults:1)
  A dire elephant (Spider:4)
  3 deep trolls (Vaults:1)
  A sea snake (Shoals:1)
  2 wolf spiders (Spider:4)
  2 orb spiders (Spider:4)
  A moth of wrath (Spider:4)
  A vault sentinel (Vaults:1)
  2 demonic crawlers
  A queen bee (Spider:3)
  A meliai (Spider:3)
  3 jumping spiders
  2 hornets (Spider:4)
  7 redbacks
  4 tarantellas (Spider:4)
  6 killer bees (Spider:3)
  An adder (D:2)
42 creatures vanquished.

Vanquished Creatures (others)
  A demonic crawler (Spider:1)
  316 foxfires
  43 fulminant prisms
  40 fungi
  160 plants
  11 tentacles
571 creatures vanquished.

Grand Total: 1891 creatures vanquished

Notes
Turn   | Place    | Note
-------+----------+-------------------------------------------
     0 | D:1      | siradein the Djinni Fire Elementalist began the quest for
                  | the Orb.
     0 | D:1      | Reached XP level 1. HP: 15/15 MP: 0/0
   128 | D:1      | Reached XP level 2. HP: 18/21 MP: 0/0
   321 | D:1      | Found a faded altar of an unknown god.
   591 | D:1      | Reached XP level 3. HP: 24/25 MP: 0/0
   591 | D:1      | Learned a level 1 spell: Animate Skeleton
  1505 | D:2      | Reached XP level 4. HP: 29/31 MP: 0/0
  2484 | D:3      | Reached XP level 5. HP: 26/35 MP: 0/0
  2484 | D:3      | Learned a level 2 spell: Poisonous Vapours
  2504 | D:3      | Found Aqaorydd's Book Emporium.
  2534 | D:3      | Reached skill level 5 in Spellcasting
  2587 | D:3      | Found a broken altar of Ashenzari.
  3430 | D:4      | Noticed Sigmund
  3449 | D:4      | Killed Sigmund
  3450 | D:4      | Reached XP level 6. HP: 23/40 MP: 0/0
  3683 | D:4      | Noticed Natasha
  3692 | D:4      | Killed Natasha
  3763 | D:4      | Noticed Natasha
  3768 | D:4      | Killed Natasha
  3769 | D:4      | Reached XP level 7. HP: 44/45 MP: 0/0
  3769 | D:4      | Learned a level 2 spell: Wereblood
  3781 | D:4      | Noticed Eustachio
  3786 | D:4      | Killed Eustachio
  3857 | D:4      | Noticed Natasha
  3862 | D:4      | Killed Natasha
  4572 | D:4      | Reached XP level 8. HP: 34/50 MP: 0/0
  4703 | D:5      | Entered Level 5 of the Dungeon
  4797 | D:5      | Found a staircase to the Ecumenical Temple.
  4813 | Temple   | Entered the Ecumenical Temple
  4845 | Temple   | Became a worshipper of Makhleb the Destroyer
  5071 | D:5      | Found Jaitubb's Antique Weapon Boutique.
  5195 | D:5      | Reached skill level 1 in Shields
  5297 | D:5      | Found Zerphohe's Assorted Antiques.
  5333 | D:5      | Found Sipuji's Magic Scroll Emporium.
  5352 | D:5      | Found Oryschumy's Jewellery Emporium.
  5380 | D:5      | Reached skill level 1 in Fighting
  5380 | D:5      | Reached skill level 1 in Armour
  5992 | D:6      | Upgraded the game from 0.27-a0-931-g5a74e75d8f to
                  | 0.27-a0-951-gae3e1deef5
  5996 | D:6      | Reached skill level 3 in Dodging
  6028 | D:6      | Identified the +1 leather armour of Dishonour {rElec rPois
                  | rN+++ Dex-3}
  6052 | D:6      | Reached * piety under Makhleb
  6053 | D:6      | Reached XP level 9. HP: 51/59 MP: 0/0
  6053 | D:6      | Learned a level 3 spell: Gell's Gravitas
  6122 | D:6      | Reached skill level 4 in Dodging
  6203 | D:6      | Found a glowing drain.
  6214 | Sewer    | Entered a sewer
  6330 | Sewer    | Reached ** piety under Makhleb
  6531 | D:6      | Noticed Duvessa
  6535 | D:6      | Killed Duvessa
  6558 | D:6      | Reached *** piety under Makhleb
  6564 | D:6      | Noticed Dowan
  6569 | D:6      | Killed Dowan
  6794 | D:6      | Reached skill level 5 in Dodging
  7154 | D:7      | Noticed a hornet
  7158 | D:7      | Killed a hornet
  7159 | D:7      | Reached XP level 10. HP: 66/69 MP: 0/0
  7223 | D:7      | Identified the +7 hand axe of Yloygost {protect, rPois rN+
                  | Will+ Stlth+}
  8231 | D:8      | Found Laomnema's Luxury Loot.
  8245 | D:8      | Noticed a two-headed ogre
  8250 | D:8      | Killed a two-headed ogre
  8251 | D:8      | Reached skill level 5 in Fighting
  8251 | D:8      | Reached skill level 5 in Armour
  8251 | D:8      | Reached skill level 6 in Dodging
  8251 | D:8      | Reached skill level 5 in Shields
  8266 | D:8      | Reached **** piety under Makhleb
  8398 | D:8      | Found an iron altar of Okawaru.
  8408 | D:8      | Reached XP level 11. HP: 62/76 MP: 0/0
  8408 | D:8      | Learned a level 4 spell: Fulminant Prism
  8442 | D:8      | Reached skill level 7 in Dodging
  8514 | D:8      | Found a staircase to the Lair.
  8547 | D:8      | Noticed a two-headed ogre
  8575 | D:8      | Killed a two-headed ogre
  9105 | D:9      | Noticed Joseph
  9108 | D:9      | Killed Joseph
  9109 | D:9      | Reached skill level 10 in Spellcasting
  9381 | D:9      | Found a staircase to the Orcish Mines.
  9552 | D:9      | You are sucked into a shaft and drop 3 floors!
  9671 | D:11     | Reached ***** piety under Makhleb
  9910 | D:11     | Reached skill level 8 in Dodging
  9963 | D:10     | Entered Level 10 of the Dungeon
  9974 | D:10     | Noticed Urug
  9977 | D:10     | Killed Urug
 10208 | D:10     | Noticed a two-headed ogre
 10212 | D:10     | Killed a two-headed ogre
 10263 | D:10     | Identified the Incunabulum of Floating Poison
 10330 | D:10     | Reached XP level 12. HP: 85/85 MP: 0/0
 10436 | D:10     | Found a hide-covered altar of Uskayaw.
 10438 | D:10     | Noticed Gastronok
 10445 | D:10     | Killed Gastronok
 10494 | D:10     | Found a sacrificial altar of Ru.
 10495 | D:10     | Found a hazy altar of Hepliaklqana.
 10496 | D:10     | Found a bloodstained altar of Trog.
 10496 | D:10     | Found an opulent altar of Gozag.
 10499 | D:10     | Found a shimmering altar of Xom.
 10501 | D:10     | Found a stormy altar of Qazlal.
 10503 | D:10     | Found a sparkling altar of Nemelex Xobeh.
 10989 | D:11     | Found a portal to a secret trove of treasure.
 11444 | Lair:1   | Entered Level 1 of the Lair of Beasts
 11464 | Lair:1   | Reached skill level 9 in Dodging
 11778 | Lair:1   | Identified the +0 ring mail "Hosampo" {Rampage Fly}
 11853 | Lair:1   | Noticed a five-headed hydra
 11866 | Lair:1   | Killed a five-headed hydra
 12379 | Lair:2   | Found a staircase to the Shoals.
 12696 | Lair:2   | Reached XP level 13. HP: 93/93 MP: 0/0
 12696 | Lair:2   | Learned a level 5 spell: Metabolic Englaciation
 12889 | Lair:2   | Reached skill level 10 in Dodging
 13089 | Lair:3   | Found a dark tunnel.
 13160 | Volcano  | Entered a volcano
 13238 | Volcano  | Noticed a stone giant
 13335 | Volcano  | Killed a stone giant
 13739 | Lair:3   | You are sucked into a shaft and drop 3 floors!
 13739 | Lair:6   | Entered Level 6 of the Lair of Beasts
 13764 | Lair:5   | Reached ****** piety under Makhleb
 13902 | Lair:3   | Noticed Giomnon's ghost (journeyman DEFE)
 13915 | Lair:3   | Found a runed translucent door.
 13952 | Lair:3   | Identified the +7 short sword of Earthquakes {holy, Str+4}
 14084 | Lair:3   | Found a hole to the Spider Nest.
 14514 | Lair:3   | Killed Giomnon's ghost
 14515 | Lair:3   | Reached skill level 11 in Dodging
 14579 | Lair:4   | Reached skill level 10 in Shields
 14586 | Lair:4   | Reached XP level 14. HP: 102/102 MP: 0/0
 14624 | Lair:4   | Reached skill level 10 in Fighting
 14624 | Lair:4   | Reached skill level 10 in Armour
 15291 | Lair:5   | Found a staircase to the Slime Pits.
 15363 | Lair:5   | You are sucked into a shaft and drop 1 floor!
 15377 | Lair:6   | Found a runed translucent gate.
 15377 | Lair:6   | Found a runed translucent gate.
 15377 | Lair:6   | Found a runed translucent gate.
 15381 | Lair:6   | Noticed ardl's ghost (journeyman GnVM)
 16189 | Lair:6   | Reached skill level 12 in Dodging
 16351 | Lair:6   | Reached XP level 15. HP: 110/110 MP: 0/0
 16351 | Lair:6   | Learned a level 6 spell: Freezing Cloud
 16761 | Lair:6   | Killed ardl's ghost
 16844 | Lair:6   | Identified the +3 cloak of Kiudwam {-Cast +Inv rPois}
 17008 | Orc:1    | Entered Level 1 of the Orcish Mines
 17009 | Orc:1    | Noticed Erica
 17015 | Orc:1    | Killed Erica
 17276 | Orc:2    | Entered Level 2 of the Orcish Mines
 17285 | Orc:2    | Found a staircase to the Elven Halls.
 17888 | Orc:2    | Noticed Maurice
 17911 | Orc:2    | Killed Maurice
 17965 | Orc:2    | Noticed an orc warlord
 17971 | Orc:2    | Killed an orc warlord
 18271 | Orc:2    | Found Pycax's General Store.
 18272 | Orc:2    | Found Emyselo's Jewellery Shoppe.
 18280 | Orc:2    | Found Xion's Antique Armour Shoppe.
 18280 | Orc:2    | Found Leroos's Antique Weapon Emporium.
 18285 | Orc:2    | Bought a scroll of identify for 34 gold pieces
 18285 | Orc:2    | Bought a scroll of identify for 34 gold pieces
 18285 | Orc:2    | Bought a scroll of magic mapping for 59 gold pieces
 18300 | Orc:2    | Bought the +2 cloak of the Thief {*Fog Slay-2 SInv Stlth+}
                  | for 743 gold pieces
 18300 | Orc:2    | Found the +2 cloak of the Thief {*Fog Slay-2 SInv Stlth+}
 19040 | D:12     | You are sucked into a shaft and drop 1 floor!
 19342 | D:13     | Found a gate to the Vaults.
 19398 | D:13     | Reached skill level 13 in Dodging
 19772 | D:13     | Reached XP level 16. HP: 118/118 MP: 0/0
 20399 | D:12     | Found the +5 sword of Power {vorpal}
 20403 | D:12     | Identified the +11 dagger of Rucic {drain, Drain rElec
                  | Str+3 Dex+8}
 21637 | D:15     | Entered Level 15 of the Dungeon
 22220 | D:15     | Found a staircase to the Depths.
 22452 | D:15     | Identified a scroll of acquirement
 22696 | Shoals:1 | Entered Level 1 of the Shoals
 22727 | Shoals:1 | Reached skill level 14 in Dodging
 22782 | Shoals:1 | Reached XP level 17. HP: 125/125 MP: 0/0
 22782 | Shoals:1 | Learned a level 6 spell: Simulacrum
 24158 | Shoals:2 | Noticed a kraken
 24243 | Shoals:2 | Killed a kraken
 25120 | D:5      | Bought the +2 shield of Resistance {rF++ rC++ Will++} for
                  | 1103 gold pieces
 25120 | D:5      | Found the +2 shield of Resistance {rF++ rC++ Will++}
 25160 | D:5      | Bought a scroll of magic mapping for 49 gold pieces
 25160 | D:5      | Bought a scroll of magic mapping for 49 gold pieces
 25528 | Shoals:4 | Entered Level 4 of the Shoals
 25566 | Shoals:4 | Noticed a kraken
 25570 | Shoals:4 | Killed a kraken
 25648 | Shoals:4 | Identified the +0 chain mail "Dugikh" {rF+ Dex+7 Slay-2}
 25893 | Shoals:4 | Reached XP level 18. HP: 134/134 MP: 0/0
 25903 | Shoals:4 | Found Wajysh's General Store.
 25945 | Shoals:4 | Reached skill level 15 in Dodging
 26249 | Shoals:4 | Got a barnacled rune of Zot
 26404 | Shoals:4 | Identified the ring of the Oligarchy {Dex+6 Stlth+}
 26790 | Spider:1 | Entered Level 1 of the Spider Nest
 26822 | Spider:1 | Upgraded the game from 0.27-a0-951-gae3e1deef5 to
                  | 0.27-a0-965-gbf8bb431c4
 27304 | Spider:2 | Noticed Roxanne
 27319 | Spider:2 | Noticed Aizul
 27355 | Spider:1 | Killed Aizul
 27521 | Spider:2 | Killed Roxanne
 27718 | Spider:2 | Identified the +6 dagger "Hosov" {venom, Fly rElec Dex-3}
 28073 | Spider:3 | Noticed Mara
 28084 | Spider:2 | Noticed siradein's illusion
 28149 | Spider:3 | Reached XP level 19. HP: 141/141 MP: 0/0
 28149 | Spider:3 | Learned a level 6 spell: Death Channel
 28649 | Spider:4 | Entered Level 4 of the Spider Nest
 28927 | Spider:4 | Reached skill level 16 in Dodging
 29463 | Spider:4 | Got a gossamer rune of Zot
 29860 | Vaults:1 | Entered Level 1 of the Vaults
 29882 | Vaults:1 | Reached skill level 15 in Shields
 30068 | Vaults:1 | Mangled by a war gargoyle

Illustrated notes

Levels and vault maps discovered:
D:1:      dpeg_arrival_castle, layout_basic, hellmonk_ecumenical_altar_lost_god,
          minmay_misc_feat_hallway
D:2:      layout_loops_cross, lexackson_kobold_supper
D:3:      layout_basic, lemuel_doored_altar, lemuel_crystal_altar, serial_shops,
          nicolae_shop_statue_plus, chequers_big_river, minmay_vboxes
D:4:      minmay_chambers_of_fours, layout_loops_ring, grunt_decor_one_mirror,
          uniq_eustachio, uniq_sigmund, uniq_natasha
D:5:      layout_basic, minmay_temple_entry_tees, serial_shops, shop,
          nicolae_shop_trees, nicolae_shop_trees, shop, minmay_manual_mess
D:6:      layout_cave_pools, portal_sewer_entry_d, serial_gnoll_camp,
          gnoll_camp_mini_basic, gnoll_camp_mini_hut, gnoll_camp_huts_basic,
          gnoll_camp_mini_loothouse, eino_small_chamber_without_monster,
          serial_bayou_lagoon_a, st_stairs_12, uniq_duvessa
D:7:      layout_basic, kennysheep_generic_room_2
D:8:      layout_cave_pools, old_standard_altar, minmay_lair_entry_grove,
          hangedman_decor_points, st_stairs_13, nicolae_alphabet_shops,
          minmay_misc_feat_nine_boxes, bh_walls_and_bars
D:9:      layout_basic, orc_0_dummy, uniq_joseph
D:10:     layout_basic, minitemple, uniq_urug, uniq_gastronok
D:11:     layout_basic, enter_trove_3, lemuel_flamethrower_hall
D:12:     evilmike_library_of_no_secrets, layout_small_grid, pond
D:13:     minmay_polygon_palace, layout_loops_cross,
          hangedman_vaults_entry_quadrant_bands
D:14:     layout_loops_cross, minmay_misc_feat_rugged
D:15:     hangedman_depths_entry_try_elsewhere_first, layout_long_grid,
          kiku_gazebo_garden_becter, kb_rosetta
Temple:   bh_familiar_temple
Lair:1:   layout_loops_ring, serial_bayou_lake_a, grunt_megastairs_1,
          minmay_lair_oklob_chamber
Lair:2:   beast_lair_carwin_large_2, layout_regular_city,
          minmay_shoals_entry_centaurs, minivault_27, serial_bayou_pond_e,
          chequers_serial_rivers_small_a
Lair:3:   layout_gridlike, spider_nest_entry_webs,
          nicolae_volcano_entry_vermiform, hellmonk_ghost_happy_afterlife,
          kennysheep_rathole
Lair:4:   layout_roguey, chequers_serial_rivers_micro_c, grunt_megastairs_3
Lair:5:   layout_roguey, minmay_slime_entry_jelly_boxes,
          chequers_serial_rivers_micro_a
Lair:6:   hangedman_lair_in_review, layout_gridlike, gammafunk_ghost_hydra_chop
Shoals:1: layout_shoals, hangedman_shoals_cup_caves
Shoals:2: layout_shoals, nicolae_shoals_aquamancer_cove
Shoals:3: layout_shoals, nicolae_shoals_water_shrine
Shoals:4: shoals_end_simple, layout_shoals, serial_shops, nicolae_shop_stone
Spider:1: layout_spider_delve
Spider:2: layout_spider_delve, nicolae_spider_undead_wolf_pack, uniq_roxanne,
          uniq_aizul
Spider:3: layout_spider_delve, special_room [special_room_bee], uniq_mara
Spider:4: guppyfry_spider_rune, beargit_elvish_explorers
Orc:1:    layout_caves, basic_altar, rock_pile, uniq_erica
Orc:2:    st_orc_congregation, layout_diamond_mine, uniq_maurice
Vaults:1: grunt_vaults_funnel, vaults_room_door_hall,
          nicolae_vaults_puzzle_piece, nicolae_vaults_little_squares_6,
          nicolae_vaults_statue_guard, ontoclasm_vaults_ligature, v_misc_19,
          vaults_dpeg_hooks, nicolae_vaults_angled_halls,
          layout_vaults_big_cross

Skill      XL: |  1  2  3  4  5  6  7  8  9 10 11 12 13 14 15 16 17 18 19 |
---------------+----------------------------------------------------------+-----
Spellcasting   | 3 4 6 8 9 10 11 12 13 14 | 14.8
Shields        | 2 4 5 7 8 10 11 12 13 14 15 | 15.0
Fighting       | 2 4 5 7 8 9 11 12 13 14 | 14.9
Armour         | 2 4 5 7 8 9 11 12 13 14 | 14.9
Dodging        | 3 5 6 8 9 11 12 13 14 15 16 | 16.3
Stealth        | |  1.5

Action                   |  1- 3 |  4- 6 |  7- 9 | 10-12 | 13-15 | 16-18 | 19-21 || total
-------------------------+-------+-------+-------+-------+-------+-------+-------++-------
Melee: Scythe            |       |       |     3 |       |       |       |       ||     3
       Hand axe          |       |       |       |       |    22 |       |       ||    22
       Staff             |       |       |       |       |     1 |     1 |     6 ||     8
 Cast: Foxfire           |    53 |   103 |    51 |       |       |       |       ||   207
       Animate Skeleton  |     4 |     3 |     1 |       |     3 |       |       ||    11
       Inner Flame       |       |     7 |    38 |    82 |   212 |   127 |    11 ||   477
       Conjure Flame     |       |     3 |    17 |     2 |       |       |       ||    22
       Sticky Flame      |       |       |    19 |    16 |    38 |    41 |    41 ||   155
       Poisonous Vapours |       |       |     1 |     1 |     6 |    43 |    12 ||    63
       Fireball          |       |       |   103 |   153 |   385 |   499 |   105 ||  1245
       Fulminant Prism   |       |       |       |     1 |    15 |    26 |     1 ||    43
       Metabolic Englaci |       |       |       |       |     8 |    17 |     2 ||    27
       Gell's Gravitas   |       |       |       |       |    12 |    21 |     2 ||    35
       Freezing Cloud    |       |       |       |       |     6 |    16 |     1 ||    23
       Wereblood         |       |       |       |       |     1 |       |       ||     1
       Simulacrum        |       |       |       |       |       |     3 |     1 ||     4
       Death Channel     |       |       |       |       |       |       |     7 ||     7
Evoke: Wand              |       |       |       |       |       |     1 |       ||     1
  Use: Scroll            |       |     5 |     3 |    11 |    14 |     4 |     5 ||    42
       Potion            |       |       |       |       |     1 |       |       ||     1
Armor: Robe              |     5 |     6 |       |       |       |       |       ||    11
       Steam dragon scal |       |       |     5 |       |       |       |       ||     5
       Leather armour    |       |       |       |     4 |    43 |    64 |    32 ||   143
Dodge: Dodged            |     8 |    25 |     9 |    36 |    89 |   217 |   146 ||   530
Block: Buckler           |     1 |    15 |       |    10 |    72 |    25 |       ||   123
       Kite shield       |       |       |       |       |       |   176 |   108 ||   284

Table legend: (Time is in decaauts)
 A = Elapsed time spent in this place.
 B = Non-inter-level travel time spent in this place.
 C = Inter-level travel time spent in this place.
 D = Time resting spent in this place.
 E = Time spent auto-exploring this place.
 F = Levels seen in this place.
 G = Mean time per level.
                   A        B        C        D        E       F      G
               +--------+--------+--------+--------+--------+-----+--------+
         Total |  30146 |  28001 |   2145 |    845 |  21112 |  35 |  861.3 |
       Dungeon |  15105 |  13895 |   1210 |    450 |  10796 |  15 | 1007.0 |
        Temple |    197 |    197 |      0 |      0 |    173 |   1 |  197.0 |
          Lair |   5393 |   4901 |    492 |     75 |   3963 |   6 |  898.8 |
        Shoals |   3750 |   3545 |    205 |     59 |   2749 |   4 |  937.5 |
   Spider Nest |   2895 |   2763 |    132 |    201 |   1667 |   4 |  723.8 |
  Orcish Mines |   1904 |   1798 |    106 |     11 |   1329 |   2 |  952.0 |
        Vaults |    207 |    207 |      0 |      0 |    132 |   1 |  207.0 |
         Sewer |    299 |    299 |      0 |      0 |    141 |   1 |  299.0 |
       Volcano |    392 |    392 |      0 |     49 |    162 |   1 |  392.0 |
               +--------+--------+--------+--------+--------+-----+--------+

Top non-repeatable levels by time:
  Lair:6: 1513 daAuts
   Orc:2: 1352 daAuts
     D:4: 1306 daAuts
     D:2: 1226 daAuts
    D:11: 1180 daAuts
     D:5: 1167 daAuts
     D:7: 1159 daAuts
Shoals:4: 1155 daAuts
     D:3: 1150 daAuts
  Lair:3: 1100 daAuts
    D:13: 1067 daAuts
     D:8: 1051 daAuts
     D:1: 1019 daAuts
Shoals:1: 981 daAuts
  Lair:1: 947 daAuts
